 Dungeon Crawl Stone Soup version 0.31.0-9-g3a7656b989 (webtiles) character file.

Game seed: 10947089879681667752

620 qw the Skirmisher (level 7, 0/40 HPs)
             Began as a Deep Elf Hunter on Feb 2, 2024.
             Incinerated by a bombardier beetle (6 damage)
             ... with a burning spray
             ... on level 5 of the Dungeon.
             The game lasted 00:00:14 (3455 turns).

qw the Skirmisher (Deep Elf Hunter)                 Turns: 3455, Time: 00:00:14

Health: 0/40       AC:  5    Str: 10    XL:     7   Next: 22%
Magic:  9/9        EV: 11    Int: 14    God:
Gold:   213        SH:  0    Dex: 18    Spells: 6/6 levels left

rFire   . . .        a - +3 shortbow (freeze)
rCold   . . .        (shield currently unavailable)
rNeg    . . .        g - +0 ring mail
rPois   .            (no helmet)
rElec   .            (no cloak)
rCorr   .            (no gloves)
SInv    .            (no boots)
Will    .....        (no amulet)
Stlth   +            (no ring)
HPRegen 0.26/turn    (no ring)
MPRegen 0.11/turn

%: no passive effects
@: on fire, glowing
A: no striking features
a: no special abilities


You were on level 5 of the Dungeon.
You visited 1 branch of the dungeon, and saw 5 of its levels.

You collected 265 gold pieces.
You spent 52 gold pieces at shops.


   Skills:
 - Level 2.0 Fighting
 + Level 11.1 Ranged Weapons
 - Level 3.2 Dodging
 - Level 1.2 Stealth


You had 6 spell levels left.
You didn't know any spells.
Your spell library was empty.

Inventory:

Hand Weapons
 a - a +3 shortbow of freezing (weapon)
Armour
 g - a +0 ring mail (worn)
Jewellery
 e - a ring of protection from cold
 h - a ring of ice
Wands
 f - a wand of polymorph (2)
 j - a wand of flame (27)
Scrolls
 c - a scroll of poison {unknown}
Potions
 b - 2 potions of mutation
 d - a potion of haste
 l - a potion of heal wounds

Dungeon Overview and Level Annotations

Branches:
Dungeon (5/15)
 Temple: D:4-7

Altars:
Cheibriados
Qazlal
Ru
Sif Muna
Wu Jian

Shops:
D:3 *


Message History

You shoot an arrow.
The arrow hits the bombardier beetle but does no damage.
The bombardier beetle is moderately wounded.
You shoot an arrow.
The arrow barely misses the bombardier beetle.
You shoot an arrow.
The arrow hits the bombardier beetle but does no damage.
The bombardier beetle is moderately wounded.
You shoot an arrow.
The arrow barely misses the bombardier beetle.
You shoot an arrow. The arrow hits the bombardier beetle!
The arrow freezes the bombardier beetle.
The bombardier beetle is almost dead.
The bombardier beetle sprays incendiary fluid at you.
The burning spray hits you.
You are covered in liquid fire!
You shoot an arrow. The arrow hits the bombardier beetle!
The arrow freezes the bombardier beetle.
You kill the bombardier beetle!
The liquid fire burns you!
Your Ranged Weapons skill increases to level 11!
You are on fire!
The liquid fire burns you!
You are on fire!
The liquid fire burns you!
You are on fire!
The liquid fire burns you!
You are on fire!
The liquid fire burns you!
You are on fire!
The liquid fire burns you!
You are on fire!
The liquid fire burns you!
You are on fire!
The liquid fire burns you!
You are on fire!
The liquid fire burns you!
You are on fire!
The liquid fire burns you!
You die...

####...######...# ##
#............######.
####.#<######...##.....
..#... ###.........
#...# #...#...#... #..#
#.###..#..##
#...######........##
#..............##
##@####..#####.##
#%.........# #..#
........#....#######.###
.#####....#### #........
...... ..[.###.###
###.#### ## #.## #.#
##..## #.# #..... #.#.##


There were no monsters in sight!

Vanquished Creatures
  A bullfrog (D:3)
  A scorpion (D:5)
  2 quasits
  2 hounds (D:5)
  An orc priest (D:4)
  A bombardier beetle (D:5)
  Terence (D:3)
  Ijyb (D:4)
  An iguana (D:4)
  2 orc wizards (D:4)
  7 adders
  2 shadow imps
  2 white imps (D:4)
  2 ufetubi (D:4)
  4 dart slugs
  2 orcs
  3 endoplasms
  2 giant cockroaches
  12 goblins
  4 hobgoblins
  9 jackals
  5 kobolds
  4 quokkas
  5 ball pythons
  9 bats
  3 frilled lizards (D:3)
  2 rats
90 creatures vanquished.

Notes
Turn   | Place    | Note
-------+----------+-------------------------------------------
     0 | D:1      | qw the Deep Elf Hunter began the quest for the Orb.
     0 | D:1      | Reached XP level 1. HP: 12/12 MP: 3/3
     0 | D:1      | 0 ||| qw: Version: 0.3-a-155-g5e7d8dd
     0 | D:1      | 0 ||| qw: Game counter: 1827
     0 | D:1      | 0 ||| qw: Melee chars always use a shield: true
     0 | D:1      | 0 ||| qw: God list: Okawaru
     0 | D:1      | 0 ||| qw: Allow faded altars: false
     0 | D:1      | 0 ||| qw: Do Orc after clearing Dungeon:15 true
     0 | D:1      | 0 ||| qw: Do second Lair branch before Depths: true
     0 | D:1      | 0 ||| qw: Lair rune preference: random
     0 | D:1      | 0 ||| qw: Goals: Normal
     0 | D:1      | 0 ||| PLANNING D:1-11
    74 | D:1      | Reached XP level 2. HP: 16/16 MP: 4/4
   128 | D:1      | Reached skill level 6 in Ranged Weapons
   545 | D:1      | Reached XP level 3. HP: 20/20 MP: 5/5
   776 | D:1      | 776 ||| UPGRADING to +0 ring mail.
   786 | D:1      | 786 ||| DROPPING +0 leather armour.
   787 | D:1      | 787 ||| READING 3 scrolls labelled ZOARO MAROYBLI.
   787 | D:1      | 787 ||| ENCHANTING +0 shortbow.
   788 | D:1      | 788 ||| READING 2 scrolls of enchant weapon.
   788 | D:1      | 788 ||| ENCHANTING +1 shortbow.
   789 | D:1      | 789 ||| READING scroll of enchant weapon.
   789 | D:1      | 789 ||| ENCHANTING +2 shortbow.
   790 | D:1      | 790 ||| DRINKING 2 sapphire potions.
   791 | D:1      | 791 ||| DRINKING golden potion.
   792 | D:1      | 792 ||| DRINKING fuming amethyst potion.
   793 | D:1      | 793 ||| DROPPING scroll of butterflies.
   794 | D:1      | 794 ||| DROPPING potion of ambrosia.
   879 | D:2      | Found a shimmering blue altar of Sif Muna.
  1064 | D:2      | Reached skill level 7 in Ranged Weapons
  1283 | D:2      | Found the +0 toga "Victory" {*Victory Clar}
  1374 | D:2      | 1374 ||| READING scroll labelled KAD OTRADDU.
  1374 | D:2      | 1374 ||| BRANDING +3 shortbow.
  1394 | D:3      | Found Vedy's General Store.
  1401 | D:3      | 1401 ||| BUYING scroll of identify (26 gold).
  1401 | D:3      | Bought a scroll of identify for 26 gold pieces
  1401 | D:3      | 1401 ||| BUYING scroll of identify (26 gold).
  1401 | D:3      | Bought a scroll of identify for 26 gold pieces
  1418 | D:3      | Noticed a bullfrog
  1424 | D:3      | HP: 5/20 [bullfrog (4)]
  1425 | D:3      | HP: 2/20 [bullfrog (3)]
  1426 | D:3      | Killed a bullfrog
  1427 | D:3      | Reached skill level 8 in Ranged Weapons
  1427 | D:3      | Reached XP level 4. HP: 3/25 MP: 6/6
  1533 | D:3      | Noticed Terence
  1542 | D:3      | Killed Terence
  1543 | D:3      | Reached XP level 5. HP: 20/29 MP: 7/7
  1874 | D:3      | Found a snail-covered altar of Cheibriados.
  1874 | D:3      | Found a stormy altar of Qazlal.
  1996 | D:3      | Found an ornate altar of the Wu Jian Council.
  2266 | D:3      | 2266 ||| READING 5 scrolls of identify.
  2266 | D:3      | 2266 ||| IDENTIFYING inky potion
  2267 | D:3      | 2267 ||| READING 4 scrolls of identify.
  2267 | D:3      | 2267 ||| IDENTIFYING fizzy golden potion
  2268 | D:3      | 2268 ||| READING 3 scrolls of identify.
  2268 | D:3      | 2268 ||| IDENTIFYING cyan potion
  2269 | D:3      | 2269 ||| READING 2 scrolls of identify.
  2269 | D:3      | 2269 ||| IDENTIFYING 2 sedimented orange potions
  2270 | D:3      | 2270 ||| READING scroll of identify.
  2270 | D:3      | 2270 ||| IDENTIFYING scroll labelled SIOH TEWAHEHO
  2271 | D:3      | 2271 ||| DROPPING potion of invisibility.
  2272 | D:3      | 2272 ||| DROPPING scroll of vulnerability.
  2327 | D:4      | 2327 ||| STAIRDANCE
  2333 | D:4      | 2333 ||| STAIRDANCE
  2345 | D:3      | Reached skill level 9 in Ranged Weapons
  2381 | D:4      | 2381 ||| STAIRDANCE
  2515 | D:4      | Reached XP level 6. HP: 35/35 MP: 8/8
  2559 | D:4      | Identified the +1 falchion of Foolhardiness {protect, Fly
                  | Int+2}
  2658 | D:4      | Reached skill level 10 in Ranged Weapons
  2668 | D:4      | HP: 2/35 [white imp/puff of frost (9)]
  2669 | D:4      | 2669 ||| DRINKING potion of heal wounds.
  2844 | D:4      | Noticed Ijyb
  2856 | D:4      | Killed Ijyb
  2857 | D:4      | Reached skill level 3 in Dodging
  3034 | D:4      | Found a sacrificial altar of Ru.
  3186 | D:4      | 3186 ||| READING scroll of identify.
  3186 | D:4      | 3186 ||| IDENTIFYING bubbling amethyst potion
  3187 | D:4      | 3187 ||| READING scroll labelled XORIAZ FOCZIY.
  3188 | D:4      | 3188 ||| READING scroll labelled XIPOVV ATIGIAMAADO.
  3189 | D:4      | 3189 ||| READING scroll labelled NEDEWY NEWKUE.
  3193 | D:4      | 3193 ||| DROPPING potion of degeneration.
  3222 | D:5      | Entered Level 5 of the Dungeon
  3297 | D:5      | 3297 ||| RETREEEEATING.
  3298 | D:5      | 3298 ||| RETREEEEATING.
  3303 | D:5      | 3303 ||| RETREEEEATING.
  3313 | D:5      | Reached XP level 7. HP: 25/40 MP: 9/9
  3447 | D:5      | Reached skill level 11 in Ranged Weapons
  3453 | D:5      | HP: 9/40 [burnt (5)]
  3455 | D:5      | Incinerated by a bombardier beetle

Levels and vault maps discovered:
D:1:      minmay_arrival_three_doors, layout_basic
D:2:      layout_loops_cross, basic_altar
D:3:      layout_basic, lemuel_coloured_pillars_altar,
          gammafunk_temple_overflow_pools, serial_shops, shop, uniq_terence
D:4:      kennysheep_goblin_castle, layout_rooms, nicolae_ru_path_of_blood,
          serial_demonic, serial_demonic_b, serial_demonic_a, serial_demonic_e,
          serial_demonic_g
D:5:      layout_rooms, temple_doors_ab, kennysheep_generic_room_7

Skill      XL: |  1  2  3  4  5  6  7 |
---------------+----------------------+-----
Ranged Weapons | 6 8 9 10 11 | 11.1
Fighting       | 2 |  2.0
Dodging        | 3 |  3.2
Stealth        | |  1.2

Action                     |  1- 3 |  4- 6 |  7- 9 || total
---------------------------+-------+-------+-------++-------
   Fire: Shortbow          |    97 |   156 |     9 ||   262
    Use: Scroll            |     4 |     9 |       ||    13
         Potion            |     3 |     1 |       ||     4
 Armour: Leather armour    |    11 |       |       ||    11
         Ring mail         |    14 |   110 |       ||   124
  Dodge: Dodged            |    16 |    93 |       ||   109

Table legend:
 A = Non-vault XP
 B = Vault XP
 C = Vault XP percentage of total XP
 D = Non-vault monster count
 E = Vault monster count
 F = Vault count percentage of total count
                 A         B        C        D         E       F
            +---------+---------+-------+---------+---------+-------
      Total |     513 |     374 |  42.2 |      67 |      23 |  25.6
            +---------+---------+-------+---------+---------+-------
        D:1 |      45 |       0 |   0.0 |      23 |       0 |   0.0
        D:2 |      41 |       0 |   0.0 |      10 |       0 |   0.0
        D:3 |     143 |      95 |  39.9 |      21 |       3 |  12.5
        D:4 |     183 |     149 |  44.9 |      10 |      18 |  64.3
        D:5 |     101 |     130 |  56.3 |       3 |       2 |  40.0
            +---------+---------+-------+---------+---------+-------
